 Dungeon Crawl Stone Soup version 0.31-a0-1611-g890cdf5628 (webtiles) character file.

Game seed: 11875352334053166689

531 Laraso the Firebug (level 7, 50/50 HPs)
             Began as a Green Draconian Fire Elementalist on Jan 9, 2024.
             Quit the game on level 5 of the Dungeon.
             The game lasted 00:06:48 (5613 turns).

Laraso the Firebug (DrFE)                           Turns: 5613, Time: 00:06:49

Health: 50/50      AC:  9    Str: 10    XL:     7   Next: 3%
Magic:  6/13       EV: 12    Int: 18    God:
Gold:   236        SH:  0    Dex: 11    Spells: 3/14 levels left

rFire   . . .        a - +0 flail
rCold   . . .        (no shield)
rNeg    + . .        (body armour unavailable)
rPois   +            (helmet restricted)
rElec   .            (no cloak)
rCorr   .            (no gloves)
SInv    .            j - +2 pair of boots
Will    .....        (no amulet)
Stlth   ++           s - ring of positive energy
HPRegen 0.28/turn    (no ring)
MPRegen 0.13/turn

%: no passive effects
@: no status effects
A: breathe noxious fumes, AC +6, unfitting armour, poison resistance,
cold-blooded
a: Breathe Noxious Fumes


You were on level 5 of the Dungeon.
You visited 1 branch of the dungeon, and saw 5 of its levels.

You collected 236 gold pieces.

Inventory:

Hand Weapons
 a - a +0 flail (weapon)
Armour
 d - a +2 kite shield
 j - a +2 pair of boots (worn)
Magical Staves
 c - a staff of conjuration
Jewellery
 s - a ring of positive energy (left hand)
Wands
 l - a wand of polymorph (9)
 u - a wand of roots (10)
 v - a wand of charming (5)
Scrolls
 b - 3 scrolls of enchant armour
 h - a scroll of blinking
 i - a scroll of fear
 m - a scroll of teleportation
 o - a scroll of acquirement {unknown}
 q - a scroll of torment
 r - a scroll of noise {unknown}
Potions
 e - a potion of attraction {unknown}
 f - a potion of resistance {unknown}
 g - a potion of might {unknown}
 k - a potion of berserk rage {unknown}
 n - 2 potions of mutation {unknown}
 p - 3 potions of brilliance {unknown}
 t - a potion of haste {unknown}
 w - a potion of invisibility {unknown}
 x - a potion of enlightenment {unknown}


   Skills:
 - Level 1.7 Dodging
 - Level 1.7 Stealth
 - Level 4.0 Spellcasting
 * Level 4.4 Conjurations
 * Level 5.3 Fire Magic


You had 3 spell levels left.
You knew the following spells:

 Your Spells              Type           Power      Damage    Failure   Level
a - Foxfire               Conj/Fire      84%        2x1d8     1%          1
b - Scorch                Fire           46%        2d6       2%          2
r - Sticky Flame          Fire/Alch      13%        2d5       43%         4
v - Flame Wave            Conj/Fire      21%        2d8       19%         4

Your spell library contained the following spells:

 Spells                   Type           Power      Damage    Failure   Level
 Inner Flame              Hex/Fire       13%        N/A       14%         3
 Volatile Blastmotes      Fire/Tloc      26%        2d12      14%         3
 Sculpt Simulacrum        Ice/Alch       1%         N/A       100%        6
 Ozocubu's Refrigeration  Ice            1%         4d7       100%        7
 Polar Vortex             Ice            1%         N/A       100%        9


Dungeon Overview and Level Annotations

Branches:
Dungeon (5/15)
 Temple: D:4-7

Altars:
Gozag
Hepliaklqana


Innate Abilities, Weirdness & Mutations

You can breathe blasts of noxious fumes.
Your lurid green scales are hard. (AC +6)
You cannot fit into any form of body armour.
Your system is resistant to poisons. (rPois)
You are cold-blooded and may be slowed by cold attacks.


Message History

You shake off some of the fire as you move.
The liquid fire burns you!
You shake off the liquid fire.
Things that are here:
a +0 dagger; 5 stones; a +0 whip You start resting.
Magic restored.
You start resting.
HP restored.
There is a stone staircase leading down here.
You climb downwards.
There is a stone staircase leading up here.
Unknown command.
Casting: Scorch (safe; 2% risk of failure)
Confirm with . or Enter, or press ? or * to list all spells.
Flames lash the bombardier beetle.
The bombardier beetle is lightly wounded.
The bombardier beetle's fire resistance burns away.
Unknown command.
Casting: Scorch (safe; 2% risk of failure)
Confirm with . or Enter, or press ? or * to list all spells.
Flames lash the bombardier beetle.
The bombardier beetle is burned terribly!
The bombardier beetle is heavily wounded.
Unknown command.
Casting: Scorch (safe; 2% risk of failure)
Confirm with . or Enter, or press ? or * to list all spells.
Flames lash the bombardier beetle.
The bombardier beetle is burned terribly!
You kill the bombardier beetle!
You have reached level 7!
Your scales start taking on a lurid green colour.
You learn Alchemy much quicker.
You can breathe blasts of noxious fumes.
You feel resistant to poisons.
You start resting.
An orc comes into view. It is wielding a +0 heavy trident.
You swing at nothing.
Okay, then.
Are you sure you want to abandon this character and quit the game? (Confirm with "yes".)

..........o......#
.................#
.##....##...##o..#
.########...##...#
.##.........#....#
###.........#....#
............#...)#
.##....##...+....#
.##.<.(##...##.)@#
.......##...##...#
.......#.....#...#
.......#.....#...#
.###...##....#...#
## ##'####'###...#
#...##...##...#
#...#.........#
#...#.........#


You could see an orc (wandering).

Vanquished Creatures
  A black bear (D:4)
  2 ogres (D:4)
  2 bombardier beetles
  Terence (D:2)
  6 adders
  A shadow imp (D:4)
  2 ufetubi (D:5)
  3 ribbon worms
  6 orcs
  6 bats
  7 endoplasms
  A giant cockroach (D:1)
  25 goblins
  9 hobgoblins
  4 jackals (D:1)
  5 quokkas
  5 ball pythons
  4 frilled lizards
  10 kobolds
  6 rats
106 creatures vanquished.

Vanquished Creatures (others)
  110 foxfires
110 creatures vanquished.

Grand Total: 216 creatures vanquished

Notes
Turn   | Place    | Note
-------+----------+-------------------------------------------
     0 | D:1      | Laraso the Draconian Fire Elementalist began the quest for
                  | the Orb.
     0 | D:1      | Reached XP level 1. HP: 14/14 MP: 3/3
   171 | D:1      | Reached XP level 2. HP: 10/20 MP: 1/5
   217 | D:1      | Learned a level 2 spell: Scorch
   304 | D:1      | Found a faded altar of an unknown god.
  1184 | D:1      | Reached XP level 3. HP: 26/26 MP: 7/7
  1527 | D:2      | Noticed Terence
  1555 | D:2      | Killed Terence
  1825 | D:2      | Reached XP level 4. HP: 33/33 MP: 5/10
  2512 | D:2      | Learned a level 4 spell: Flame Wave
  2517 | D:2      | Learned a level 4 spell: Sticky Flame
  3462 | D:3      | Reached XP level 5. HP: 37/38 MP: 11/11
  4216 | D:4      | Found a hazy altar of Hepliaklqana.
  4241 | D:4      | Noticed an ogre
  4247 | D:4      | Killed an ogre
  4248 | D:4      | Reached skill level 4 in Fire Magic
  4384 | D:4      | Noticed an ogre
  4427 | D:4      | HP: 1/38 [ogre/+0 giant club (31)]
  4461 | D:4      | Killed an ogre
  4462 | D:4      | Reached XP level 6. HP: 12/45 MP: 2/12
  5252 | D:5      | Entered Level 5 of the Dungeon
  5365 | D:5      | Reached skill level 5 in Fire Magic
  5410 | D:5      | Found an opulent altar of Gozag.
  5610 | D:5      | Your scales start taking on a lurid green colour.
  5610 | D:5      | Reached XP level 7. HP: 50/50 MP: 6/13
  5610 | D:5      | Gained mutation: Your system is resistant to poisons.
                  | (rPois) [Green Draconian growth]
  5613 | D:5      | Quit the game

Illustrated notes

Levels and vault maps discovered:
D:1:      minmay_arrival_radiant_lines, layout_basic,
          dreamdust_ecumenical_altar_grove
D:2:      layout_basic, uniq_terence, uniq_robin
D:3:      layout_loops_ring, grunt_ministairs_8
D:4:      layout_loops_ring, nicolae_hepliaklqana_hazy_memory,
          minmay_ogre_servants
D:5:      layout_gridville, nicolae_gozag_seed_capital, led_xom_imps,
          uniq_grinder

Skill      XL: |  1  2  3  4  5  6 |
---------------+-------------------+-----
Spellcasting   | 3 4 |  4.0
Conjurations   | 2 3 4 |  4.4
Fire Magic     | 4 5 |  5.3
Dodging        | |  1.7
Stealth        | |  1.7

Action                     |  1- 3 |  4- 6 |  7- 9 || total
---------------------------+-------+-------+-------++-------
  Melee: Whip              |    37 |       |       ||    37
         Unarmed           |     7 |       |       ||     7
         Tailslap          |     7 |     2 |       ||     9
         Flail             |    22 |    53 |       ||    75
         Staff             |       |     1 |       ||     1
   Cast: Foxfire           |    53 |    15 |       ||    68
         Scorch            |    11 |    53 |       ||    64
         Flame Wave        |       |     1 |       ||     1
    Use: Scroll            |     4 |     5 |       ||     9
         Potion            |     4 |       |       ||     4
   Stab: Sleeping          |     3 |       |       ||     3
 Armour: Skin              |    61 |    63 |       ||   124
  Dodge: Dodged            |    64 |    49 |       ||   113

Table legend: (Time is in decaauts)
 A = Elapsed time spent in this place.
 B = Non-inter-level travel time spent in this place.
 C = Inter-level travel time spent in this place.
 D = Time resting spent in this place.
 E = Time spent auto-exploring this place.
 F = Levels seen in this place.
 G = Mean time per level.
                   A        B        C        D        E       F      G
               +--------+--------+--------+--------+--------+-----+--------+
         Total |   5650 |   5491 |    159 |    746 |   3909 |   5 | 1130.0 |
       Dungeon |   5650 |   5491 |    159 |    746 |   3909 |   5 | 1130.0 |
               +--------+--------+--------+--------+--------+-----+--------+

Top non-repeatable levels by time:
     D:2: 1759 daAuts
     D:1: 1419 daAuts
     D:4: 1370 daAuts
     D:3: 888 daAuts
     D:5: 212 daAuts
